 Dungeon Crawl Stone Soup version 0.20.1-1-g8b1a95d (webtiles) character file.

1234 lazylenya the Spear-Bearer (level 8, -19/54 HPs)
             Began as a Merfolk Gladiator on Nov 5, 2017.
             Demolished by Eustachio
             ... wielding a +0 rapier of distortion
              (23 damage)
             ... on level 5 of the Dungeon.
             The game lasted 00:19:08 (4814 turns).

lazylenya the Spear-Bearer (Merfolk Gladiator)      Turns: 4814, Time: 00:19:09

Health: -19/54     AC:  5    Str: 19    XL:     8   Next: 48%
Magic:  8/8        EV: 15    Int: 14    God:
Gold:   15         SH:  0    Dex: 16    Spells: 7/7 levels left

rFire    . . .     SeeInvis .   a - +1 trident
rCold    . . .     Gourm    .   (no shield)
rNeg     . . .     Faith    .   b - +0 leather armour
rPois    +         Spirit   .   c - +1 helmet
rElec    .         Reflect  .   (no cloak)
rCorr    .         Harm     .   (no gloves)
MR       +....                  (no boots)
Stlth    +.........             e - amulet of rage
Regen    0.2/turn               k - ring of protection from magic
MPRegen  0.2/turn               p - +3 ring of strength

@: brilliant, very slightly contaminated, invisible
A: change form in water, swift swim, stealthy swim, clever 1, frail 1, poison
resistance, wild magic 1
a: Evoke Berserk Rage


You were on level 5 of the Dungeon.
You were not hungry.

You visited 1 branch of the dungeon, and saw 5 of its levels.

You collected 190 gold pieces.
You spent 175 gold pieces at shops.

Inventory:

Hand Weapons
 a - a +1 trident (weapon)
 s - a +0 dagger
 v - a +0 scythe
Armour
 b - a +0 leather armour (worn)
 c - a +1 helmet (worn)
 w - the +1 leather armour of Disguise {+Fly Str+4 Int-5 Dex-5}
   (You bought it in a shop on level 5 of the Dungeon)

   It affects your strength (+4).
   It affects your intelligence (-5).
   It affects your dexterity (-5).
   It lets you fly.
Jewellery
 e - an amulet of rage (around neck)
 j - an uncursed ring of see invisible
 k - a ring of protection from magic (left hand)
 l - an uncursed ring of poison resistance
 o - a +1 ring of slaying
 p - a +3 ring of strength (right hand)
 u - an uncursed ring of magical power {unknown}
Scrolls
 d - a scroll of amnesia
 n - 3 scrolls of remove curse
 r - a scroll of teleportation
 t - a scroll of blinking
Potions
 q - a potion of brilliance
Comestibles
 f - 3 fruits
 g - a royal jelly
 i - 2 meat rations
 m - a bread ration


   Skills:
 + Level 4.8 Fighting
 * Level 12.4 Polearms
 + Level 2.4 Throwing
 + Level 5.5 Dodging


You had 7 spell levels left.
You didn't know any spells.

Dungeon Overview and Level Annotations

Branches:
Dungeon (5/15)
 Temple: D:4-7

Altars:
Fedhas
Gozag
Kikubaaqudgha
Ru
Xom
The Shining One

Shops:
D:5 [

Annotations:
D:5 Eustachio


Innate Abilities, Weirdness & Mutations

You revert to your normal form in water.
You are very nimble and swift while swimming.
You are very stealthy in the water. (Stealth+)
Your mind is acute. (Int +2)
You are frail. (-10% HP)
Your system is resistant to poisons. (rPois)
Your spells are a little harder to cast, but a little more powerful.


Message History

You fade into invisibility!
The quasit bites you but does no damage.
The quasit barely misses you. x2
Eustachio hits you with a rapier of distortion.
* * * LOW HITPOINT WARNING * * *
Space bends around you.
* * * LOW HITPOINT WARNING * * *
You are very lightly contaminated with residual magic.
Eustachio misses you. The quasit closely misses you.
The quasit completely misses you. The quasit barely misses you.
The quasit closely misses you. The quasit misses you.
The quasit closely misses you.
Eustachio gestures wildly while chanting.
The quasit disappears in a puff of smoke!
You hit Eustachio.
Eustachio is lightly wounded.
Eustachio hits you with a rapier of distortion.
* * * LOW HITPOINT WARNING * * *
Space warps horribly around you!
You die...

#.#.#.### #.#.#.#
#.#.#.# #####.#.#)#
#.....r...#
#.........#
#.........###
#######.#.#...#
#....@@.#)#####
#.##...##)########⌠
#...##........#.
#...##.....####
#...##.....#
#...##.....#
#...##.^..[#
#...##.....#
#.....#


You could see Eustachio.

Vanquished Creatures
  Sigmund (D:4)
  An ice beast (D:5)
  A phantom (D:4)
  2 ogres
  4 jellies
  A bullfrog skeleton (D:5)
  2 orc wizards
  2 orc priests (D:5)
  4 worker ants (D:4)
  Natasha (thrice) (D:2)
  3 hound zombies
  A hound skeleton (D:5)
  A mummy (D:4)
  4 gnolls
  4 adders
  2 shadow imps (D:5)
  10 oozes
  4 worms
  A dart slug (D:3)
  3 leopard geckos
  14 orcs
  A ball python (D:1)
  6 giant cockroaches
  8 goblins
  7 jackals
  12 kobolds
  2 quokkas (D:2)
  5 bats
  4 frilled lizards
  A hobgoblin zombie (D:4)
  2 kobold zombies (D:4)
  An orc zombie (D:4)
  A quokka skeleton (D:5)
  4 rats (D:1)
122 creatures vanquished.

Vanquished Creatures (others)
  3 fungi (D:3)
  5 toadstools (D:3)
8 creatures vanquished.

Grand Total: 130 creatures vanquished

Notes
Turn   | Place    | Note
-------+----------+-------------------------------------------
     0 | D:1      | lazylenya the Merfolk Gladiator began the quest for the Orb.
     0 | D:1      | Reached XP level 1. HP: 16/16 MP: 1/1
    45 | D:1      | Reached XP level 2. HP: 16/22 MP: 2/2
    62 | D:1      | Reached skill level 5 in Polearms
   766 | D:2      | Reached XP level 3. HP: 5/27 MP: 3/3
  1158 | D:2      | Reached skill level 6 in Polearms
  1290 | D:2      | Found a glowing golden altar of the Shining One.
  1303 | D:2      | Noticed Natasha
  1309 | D:2      | Killed Natasha
  1309 | D:2      | Reached XP level 4. HP: 30/34 MP: 4/4
  1341 | D:2      | Noticed Natasha
  1347 | D:2      | Killed Natasha
  1518 | D:2      | Reached skill level 7 in Polearms
  1617 | D:2      | Noticed Natasha
  1628 | D:2      | Killed Natasha
  1628 | D:2      | Reached XP level 5. HP: 14/39 MP: 5/5
  1945 | D:3      | Reached skill level 8 in Polearms
  2021 | D:3      | Found a blossoming altar of Fedhas.
  2022 | D:3      | Found an opulent altar of Gozag.
  2022 | D:3      | Found an ancient bone altar of Kikubaaqudgha.
  2023 | D:3      | Found a shimmering altar of Xom.
  2237 | D:3      | Reached XP level 6. HP: 40/47 MP: 6/6
  2455 | D:3      | Gained mutation: You are frail. (-10% HP) [potion of mutation]
  2455 | D:3      | Gained mutation: Your spells are a little harder to cast, but a little more powerful. [potion of mutation]
  2455 | D:3      | Gained mutation: Your mind is acute. (Int +2) [potion of mutation]
  2455 | D:3      | Gained mutation: Your system is resistant to poisons. (rPois) [potion of mutation]
  2462 | D:3      | Reached skill level 9 in Polearms
  2482 | D:3      | HP: 1/42 [ooze (3)]
  2510 | D:3      | HP: 2/42 [ooze (3)]
  3059 | D:4      | Noticed a phantom
  3072 | D:4      | Killed a phantom
  3072 | D:4      | Reached skill level 5 in Dodging
  3072 | D:4      | Reached XP level 7. HP: 32/46 MP: 7/7
  3129 | D:4      | Reached skill level 10 in Polearms
  4113 | D:4      | Noticed Sigmund
  4125 | D:4      | Killed Sigmund
  4125 | D:4      | Reached skill level 11 in Polearms
  4125 | D:4      | Reached XP level 8. HP: 54/54 MP: 8/8
  4221 | D:4      | Found a sacrificial altar of Ru.
  4260 | D:5      | Entered Level 5 of the Dungeon
  4352 | D:5      | Reached skill level 12 in Polearms
  4615 | D:5      | Found Aphon's Antique Armour Boutique.
  4637 | D:5      | Bought a brightly glowing leather armour for 175 gold pieces
  4647 | D:5      | Identified the +1 leather armour of Disguise {+Fly Str+4 Int-5 Dex-5} (You bought it in a shop on level 5 of the Dungeon)
  4781 | D:5      | Noticed Eustachio
  4814 | D:5      | Demolished by Eustachio

Skill      XL: |  1  2  3  4  5  6  7  8 |
---------------+-------------------------+-----
Polearms       | 5 6 7 8 9 11 12 | 12.4
Fighting       | 3 4 |  4.8
Dodging        | 5 |  5.5
Throwing       | |  2.4

Action                   |  1- 3 |  4- 6 |  7- 9 || total
-------------------------+-------+-------+-------++-------
Melee: Trident           |    80 |   217 |   194 ||   491
Throw: Throwing net      |     4 |     7 |     1 ||    12
  Use: Scroll            |     8 |     3 |     2 ||    13
       Potion            |     1 |     6 |     4 ||    11
 Stab: Sleeping          |     3 |     1 |     1 ||     5
       Held in net/web   |     5 |     6 |     1 ||    12
       Invisible         |     1 |       |       ||     1
  Eat: Bread ration      |     1 |       |       ||     1
       Meat ration       |       |     1 |     1 ||     2
       Fruit             |       |       |     1 ||     1
Armor: Leather armour    |    13 |    31 |    22 ||    66
Dodge: Dodged            |    22 |   112 |   136 ||   270
